 Dungeon Crawl Stone Soup version 0.18-a0-1006-g6b5bfb2 (console) character file.

23 FIQ the Magician (level 2, -1/22 HPs)
             Began as a Demonspawn Wanderer on Jan 6, 2016.
             Slain by a jackal (2 damage)
             ... on level 2 of the Dungeon.
             The game lasted 00:04:47 (894 turns).

FIQ the Magician (Demonspawn Wanderer)               Turns: 894, Time: 00:04:47

Health: -1/22      AC:  3    Str: 13      XL:     2   Next: 72%
Magic:  6/7        EV: 11    Int:  7 (10) God:
Gold:   53         SH:  0    Dex: 14      Spells: 1 memorised, 8 levels left

rFire  . . .     SeeInvis .     h - +0 dagger (venom)
rCold  . . .     Gourm    .     d - +0 robe
rNeg   . . .     Faith    .     (no shield)
rPois  .         Spirit   .     (no helmet)
rElec  .         Dismiss  .     m - +0 cloak
rCorr  .         Reflect  .     (no gloves)
SustAt .         Harm     .     (no boots)
MR     .....                    (no amulet)
Stlth  ++........               (no ring)
                                (no ring)

@: hasted, very quick, not resistant to hostile enchantments, unstealthy
A: powered by pain 1
a: no special abilities


You were on level 2 of the Dungeon.
You were not hungry.

You visited 1 branch of the dungeon, and saw 2 of its levels.

You collected 53 gold pieces.

Inventory:

Hand Weapons
 e - a +0 dagger
 h - a +0 dagger of venom (weapon)
 j - a +0 club
Armour
 d - a +0 robe (worn)
 m - a +0 cloak (worn)
Potions
 n - a potion of degeneration
Books
 a - a book of Minor Magic

   Spells                             Type                      Level
   a - Magic Dart                     Conjuration                  1
   b - Blink                          Translocation                2
   c - Call Imp                       Summoning                    2
   d - Repel Missiles                 Charms/Air                   2
   e - Slow                           Hexes                        2
   f - Conjure Flame                  Conjuration/Fire             3
   g - Mephitic Cloud                 Conjuration/Poison/Air       3
 b - the Guide on Darkness

   Spells                             Type                      Level
   a - Pain                           Necromancy                   1
   b - Regeneration                   Charms/Necromancy            3
 c - the Grimoire of the Snowflakes

   Spells                             Type                      Level
   a - Freeze                         Ice                          1
   b - Ensorcelled Hibernation        Hexes/Ice                    2
Comestibles
 f - 2 bread rations
 g - 7 chunks of flesh
 k - 3 meat rations
 l - a slice of pizza


   Skills:
 + Level 2.0 Fighting
 + Level 1.0 Maces & Flails
 - Level 1.0 Stealth
   Level 1.0 Shields
 - Level 4.0 Spellcasting
   Level 1.0 Conjurations
   Level 1.0 Transmutations
 - Level 1.7 Ice Magic


You had 8 spell levels left.
You knew the following spells:

 Your Spells              Type           Power        Failure   Level  Hunger
a - Freeze                Ice            #...         17%         1    ##.....


Dungeon Overview and Level Annotations

Branches:
Dungeon (2/15)

Altars:

Annotations:
D:2 Ijyb


Innate Abilities, Weirdness & Mutations

You sometimes gain a little power by taking damage.


Message History

Ijyb hits you but does no damage.
You are too injured to fight recklessly!
You are too injured to fight recklessly!
You are too injured to fight recklessly!
You are too injured to fight recklessly!
You are too injured to fight recklessly!
You are too injured to fight recklessly!
You are too injured to fight recklessly!
You barely miss Ijyb.
Ijyb is severely wounded.
The jackal misses you. The hobgoblin barely misses you. The jackal bites you.
* * * LOW HITPOINT WARNING * * *
The jackal bites you.
* * * LOW HITPOINT WARNING * * *
Ijyb barely misses you.
Drink which item? (? for menu, Esc to quit)
You feel yourself speed up. The jackal barely misses you.
The hobgoblin hits you but does no damage.
The jackal bites you.
You die...

##............##
#..............#######
#.....................
#.....<...............
#..................$..
#.#.....................
#................g......
#..<.......#@.......
#########..hgh......
#....).##l.......
.....#######l....... ###
g#####... . ## . ..


You could see Ijyb, 2 jackals, 2 hobgoblins and 2 giant newts.

Vanquished Creatures
  3 bats (D:1)
  2 goblins (D:1)
  4 hobgoblins
  6 jackals
  A ball python (D:1)
  3 giant newts (D:1)
  A kobold (D:1)
20 creatures vanquished.

Notes
Turn   | Place    | Note
--------------------------------------------------------------
     0 | D:1      | FIQ the Demonspawn Wanderer began the quest for the Orb.
     0 | D:1      | FIQ set off with: a book of Minor Magic, the Guide on Darkness, the Grimoire of the Snowflakes, a +0 robe, a +0 dagger, a bread ration
     0 | D:1      | Reached XP level 1. HP: 13/13 MP: 5/5
     0 | D:1      | Identified the Guide on Darkness
     0 | D:1      | Identified the Grimoire of the Snowflakes
    80 | D:1      | Reached skill level 1 in Fighting
   312 | D:1      | Gained mutation: You sometimes gain a little power by taking damage. [demonic ancestry]
   312 | D:1      | Reached XP level 2. HP: 21/21 MP: 7/7
   861 | D:2      | Reached skill level 1 in Maces & Flails
   882 | D:2      | Noticed Ijyb
   885 | D:2      | Learned a level 1 spell: Freeze
   893 | D:2      | HP: 1/22 [jackal (2)]
   894 | D:2      | Slain by a jackal

Vault maps used:
D:1:      dpeg_arrival_chambers_temple_mockup
D:2:      minmay_shallow_snake_nest, uniq_iyjb, uniq_sigmund

Action                   || total
-------------------------++-------
Melee: Dagger            ||    66
 Cast: Freeze            ||     1
  Use: Scroll            ||     4
       Potion            ||     3
 Stab: Sleeping          ||     3
